 Dungeon Crawl Stone Soup version 0.28.0-45-g0d030f2227 (webtiles) character file.

Game seed: 18362768058309332536

11956 Zeld the Blocker (level 11, -25/148 HPs)
             Began as a Minotaur Fighter on Apr 11, 2022.
             Was a Priest of Trog.
             Annihilated by a death knight
             ... wielding a +2 vorpal great sword
              (27 damage)
             ... on level 10 of the Dungeon.
             The game lasted 00:13:57 (22841 turns).

Zeld the Blocker (Minotaur Fighter)                Turns: 22841, Time: 00:13:58

Health: -25/148    AC: 11    Str: 25    XL:     11   Next: 56%
Magic:  10/10      EV: 10    Int:  5    God:    Trog [***...]
Gold:   768        SH: 12    Dex: 10    Spells: 10/10 levels left

rFire   . . .      SeeInvis .   a - +0 war axe
rCold   . . .      Faith    .   e - +0 kite shield
rNeg    . . .      Spirit   .   b - +0 scale mail
rPois   .          Reflect  .   (helmet restricted)
rElec   .          Harm     .   A - +0 cloak
rCorr   .          Rampage  .   (no gloves)
Will    .....                   q - +0 pair of boots
Stlth   ..........              (no amulet)
HPRegen 0.34/turn               (no ring)
MPRegen 0.12/turn               (no ring)

@: berserking, very quick
A: horns 2, retaliatory headbutt
a: Renounce Religion, Berserk, Trog's Hand


You were on level 10 of the Dungeon.
You worshipped Trog.
Trog was most pleased with you.
You visited 2 branches of the dungeon, and saw 12 of its levels.
You also visited: Ossuary.

You collected 768 gold pieces.

Inventory:

Hand Weapons
 a - a +0 war axe (weapon)
Armour
 b - a +0 scale mail (worn)
 e - a +0 kite shield (worn)
 q - a +0 pair of boots (worn)
 A - a +0 cloak (worn)
Wands
 g - a wand of polymorph (5)
 r - a wand of acid (4)
 B - a wand of flame (59)
 H - a wand of mindburst (14)
 J - a wand of paralysis (5)
 L - a wand of iceblast (21)
Scrolls
 n - 3 scrolls of fear
 s - 2 scrolls of magic mapping
 u - 2 scrolls of enchant weapon
 y - 6 scrolls of teleportation
 K - a scroll of holy word
 M - 3 scrolls of summoning
Potions
 d - 2 potions of might
 f - 4 potions of attraction {unknown}
 h - 2 potions of lignification {unknown}
 i - 2 potions of resistance {unknown}
 j - 3 potions of flight {unknown}
 k - a potion of brilliance {unknown}
 l - 4 potions of haste {unknown}
 m - 8 potions of heal wounds {unknown}
 o - 6 potions of curing {unknown}
 p - a potion of berserk rage {unknown}
 z - 2 potions of degeneration {unknown}
 C - a potion of ambrosia {unknown}
 F - a potion of mutation {unknown}
 G - a potion of magic {unknown}


   Skills:
 + Level 9.7 Fighting
 * Level 12.7 Axes
 + Level 9.6 Armour
 - Level 4.0 Dodging
 * Level 13.0 Shields


You had 10 spell levels left.
You didn't know any spells.
Your spell library was empty.

Dungeon Overview and Level Annotations

Branches:
Dungeon (11/15)            Temple (1/1) D:7            Lair (0/6) D:11
Ossuary (visited)
    Orc: D:9-12

Altars:
Ashenzari
Cheibriados
Dithmenos
Elyvilon
Fedhas
Gozag
Hepliaklqana
Kikubaaqudgha
Makhleb
Nemelex Xobeh
Okawaru
Qazlal
Ru
Sif Muna
Trog
Uskayaw
Vehumet
Wu Jian
Xom
Yredelemnul
Zin
The Shining One

Annotations:
D:11 exclusion: 2 oklob plants


Innate Abilities, Weirdness & Mutations

You have a pair of horns on your head.
You reflexively headbutt those who attack you in melee.


Message History

A death knight is nearby!
The death knight mumbles some strange prayers to Yredelemnul against you.
Your body is wracked with pain!
You hit the wraith but do no damage. Your headbutt misses the wraith.
There is a stone staircase leading up, spattered with blood here.
You climb upwards.
There is a stone staircase leading down, spattered with blood here.
A red film seems to cover your vision as you go berserk!
You feel yourself moving faster!
You feel mighty!
The death knight offers itself to Yredelemnul, and fills with unholy energy.
You slice the death knight!!
The death knight is moderately wounded.
The death knight reflects your damage back at you!
The death knight hits you with a +2 vorpal great sword!!
* * * LOW HITPOINT WARNING * * *
x2 You are too injured to fight recklessly!
You slash the death knight!
The death knight is heavily wounded.
The death knight reflects your damage back at you!
* * * LOW HITPOINT WARNING * * *
The death knight hits you with a +2 vorpal great sword!
* * * LOW HITPOINT WARNING * * *
x2 You are too injured to fight recklessly!
You barely miss the death knight.
The death knight is heavily wounded.
You closely miss the death knight.
The death knight is heavily wounded.
You block the death knight's attack.
You slash the death knight! Your headbutt misses the death knight.
The death knight is severely wounded.
The death knight reflects your damage back at you!
* * * LOW HITPOINT WARNING * * *
You block the death knight's attack.
You hit the death knight but do no damage.
The death knight is severely wounded.
Unknown command.
You hit the death knight but do no damage.
The death knight is severely wounded.
The death knight hits you with a +2 vorpal great sword!!
You die...

.......##................#....#.#
.##....###'#####......####......#
.##....#.......#......#.........#
.##....#.......#......#.........#
.......#.......#......#...#####.#
.......#.......#......#...# #.#
.......#.......#......'...# #.#
.......#.......#p.....#...# #.#
.##....#.#####.#@.....#...# #.#
.##....#.......#......#...#####.#
.##....#.......########.........#
.##....##'###+#.................#
.##....#......#.................#
.##....#......#.#######.........#
.########.....+.#######..######.#
.########.....#..........# #.#
..#...........#..........######.#


You could see a death knight (reflects damage).

Vanquished Creatures
  A two-headed ogre (D:5)
  A tengu warrior (D:10)
  2 phantasmal warriors (D:10)
  A deep elf pyromancer (D:11)
  A kobold demonologist (D:11)
  3 trolls
  A tarantella (shapeshifter) (D:10)
  Grinder (D:3)
  A hornet (D:9)
  Sigmund (D:2)
  2 shadows
  2 wraiths
  17 yaks
  2 wyverns
  2 vampire mosquitoes (D:11)
  A water moccasin (D:8)
  3 orc warriors
  2 hornet zombies
  2 ice beasts
  A black bear (D:5)
  2 ogres
  2 centaurs
  A phantom (D:5)
  A kobold brigand (D:3)
  2 bullfrogs
  2 gnoll sergeants
  3 scorpions
  8 killer bees
  19 wights
  5 howler monkeys
  A bullfrog zombie (D:7)
  A centaur zombie (D:8)
  3 jellies
  A hound (D:4)
  2 bullfrog skeletons
  Jessica (D:2)
  5 orc wizards
  2 iguanas
  Natasha (thrice) (D:3)
  3 mummies (Ossuary)
  A howler monkey zombie (D:7)
  Robin (D:2)
  27 gnolls
  10 adders
  A howler monkey skeleton (D:7)
  A shadow imp (D:7)
  A white imp (D:5)
  An ufetubus (D:4)
  4 adder zombies (Ossuary)
  A worm (D:8)
  5 dart slugs
  25 orcs
  9 ball pythons
  10 endoplasms
  6 giant cockroaches
  19 goblins
  9 hobgoblins
  2 jackals (D:1)
  49 kobolds
  6 quokkas
  7 bats
  2 goblin zombies (Ossuary)
  2 hobgoblin zombies (Ossuary)
  3 kobold zombies (Ossuary)
  An orc zombie (Ossuary)
  2 quokka zombies (Ossuary)
  6 rats
  4 rat zombies (Ossuary)
329 creatures vanquished.

Notes
Turn   | Place    | Note
-------+----------+-------------------------------------------
     0 | D:1      | Zeld the Minotaur Fighter began the quest for the Orb.
     0 | D:1      | Reached XP level 1. HP: 19/19 MP: 0/0
    75 | D:1      | Reached XP level 2. HP: 26/27 MP: 1/1
   276 | D:1      | Reached skill level 4 in Shields
   446 | D:1      | Reached XP level 3. HP: 30/33 MP: 2/2
   586 | D:1      | Reached skill level 1 in Dodging
  1020 | D:1      | HP: 1/33 [gnoll/+0 flail (5)]
  1023 | D:1      | Reached XP level 4. HP: 1/40 MP: 3/3
  1651 | D:2      | Noticed Jessica
  1661 | D:2      | Killed Jessica
  2072 | D:2      | Noticed Robin
  2080 | D:2      | Reached XP level 5. HP: 40/46 MP: 4/4
  2085 | D:2      | Killed Robin
  2338 | D:2      | Found a faded altar of an unknown god.
  2540 | D:2      | Noticed Sigmund
  2855 | D:3      | Reached skill level 5 in Shields
  2961 | D:3      | Noticed Grinder
  2966 | D:3      | Paralysed by Grinder for 6 turns
  3018 | D:4      | Found a blossoming altar of Fedhas.
  3118 | D:4      | Found a shimmering blue altar of Sif Muna.
  3118 | D:4      | Found an opulent altar of Gozag.
  3119 | D:4      | Found an ornate altar of the Wu Jian Council.
  3128 | D:4      | Reached XP level 6. HP: 44/53 MP: 5/5
  3440 | D:4      | You fall into a shaft and drop 1 floor!
  3440 | D:5      | Entered Level 5 of the Dungeon
  3464 | D:5      | Reached skill level 5 in Axes
  3543 | D:4      | Found a sand-covered staircase.
  3550 | Ossuary  | Entered an ossuary
  3559 | Ossuary  | HP: 2/53 [mummy (15)]
  4810 | D:5      | Noticed a two-headed ogre
  5354 | D:5      | Reached skill level 5 in Armour
  5354 | D:5      | Reached skill level 6 in Shields
  5386 | D:5      | Noticed an ice beast
  5392 | D:5      | Killed an ice beast
  5393 | D:5      | Reached skill level 5 in Fighting
  5393 | D:5      | Reached XP level 7. HP: 52/61 MP: 6/6
  6153 | D:5      | Reached skill level 7 in Shields
  6374 | D:6      | HP: 1/61 [ogre/+0 giant club (6)]
  6776 | D:6      | Reached XP level 8. HP: 47/70 MP: 7/7
  8158 | D:6      | Reached skill level 8 in Shields
  9844 | D:7      | Reached XP level 9. HP: 48/78 MP: 8/8
 10063 | D:7      | Found a broken altar of Ashenzari.
 10169 | D:7      | Noticed a troll
 10175 | D:7      | Killed a troll
 10176 | D:7      | Reached skill level 9 in Shields
 10407 | D:7      | Found a staircase to the Ecumenical Temple.
 10477 | Temple   | Entered the Ecumenical Temple
 10559 | Temple   | Became a worshipper of Trog the Wrathful
 11533 | D:5      | Killed a two-headed ogre
 12376 | D:4      | Found a blossoming altar of Fedhas.
 12462 | D:4      | Found a shimmering blue altar of Sif Muna.
 12462 | D:4      | Found an ornate altar of the Wu Jian Council.
 12463 | D:4      | Found an opulent altar of Gozag.
 13340 | D:3      | Reached * piety under Trog
 13616 | D:3      | Noticed Natasha
 13623 | D:3      | Killed Natasha
 13624 | D:3      | Reached skill level 10 in Shields
 13761 | D:3      | Reached ** piety under Trog
 13916 | D:3      | Noticed Natasha
 13923 | D:3      | Killed Natasha
 14040 | D:3      | Paralysed by Grinder for 5 turns
 14046 | D:3      | Paralysed by Grinder for 4 turns
 14051 | D:3      | Paralysed by Grinder for 5 turns
 14058 | D:3      | Killed Grinder
 14063 | D:3      | Noticed Natasha
 14069 | D:3      | Killed Natasha
 15084 | D:2      | Killed Sigmund
 15085 | D:2      | Reached skill level 10 in Axes
 15576 | D:8      | Reached XP level 10. HP: 88/88 MP: 9/9
 16205 | D:8      | Found a snail-covered altar of Cheibriados.
 16708 | D:8      | Reached skill level 11 in Shields
 17576 | D:8      | Found a snail-covered altar of Cheibriados.
 18906 | D:9      | Reached *** piety under Trog
 19030 | D:10     | Entered Level 10 of the Dungeon
 19599 | D:10     | Noticed a tengu warrior
 19715 | D:10     | Killed a tengu warrior
 19716 | D:10     | Reached skill level 12 in Shields
 19716 | D:10     | Reached XP level 11. HP: 97/97 MP: 10/10
 21425 | D:11     | Noticed an oklob plant
 21693 | D:11     | Noticed a deep elf pyromancer
 21704 | D:11     | Killed a deep elf pyromancer
 22082 | D:11     | Found a staircase to the Lair.
 22082 | D:11     | Noticed an oklob plant
 22116 | D:11     | Noticed a death knight
 22116 | D:11     | Noticed a phantasmal warrior
 22116 | D:11     | Noticed a phantasmal warrior
 22273 | D:10     | Killed a phantasmal warrior
 22468 | D:10     | Killed a phantasmal warrior
 22469 | D:10     | Reached skill level 13 in Shields
 22839 | D:10     | HP: 1/148 [mirror damage (11)]
 22841 | D:10     | Annihilated by a death knight

Illustrated notes

Levels and vault maps discovered:
D:1:      giann_bridges, layout_loops_ring, roderic_st_hans_cross
D:2:      layout_loops_cross, dreamdust_ecumenical_altar_angels_and_demons,
          kennysheep_jessica_study, uniq_sigmund, uniq_robin
D:3:      minmay_goblin_kobold_castle, layout_basic, grunt_ministairs_9,
          uniq_grinder, uniq_natasha
D:4:      layout_loops_ring, fedhas_altar_fruit_tree,
          gammafunk_temple_overflow_claw, chequers_ossuary_entry_cave
D:5:      layout_basic
D:6:      layout_basic
D:7:      layout_rooms, nicolae_ashenzari_panopticon, temple_fountains,
          minmay_a_box_with_orc_wizards_in_it
D:8:      kennysheep_six_static_rooms, layout_basic, slow_altar_2, sigmund_army
D:9:      layout_long_grid, minmay_fractal_squares_gapless_5
D:10:     layout_stronghold, small_chamber_with_monster
D:11:     layout_basic, dpeg_oklobed_lair
Temple:   nicolae_temple_elliptical

Skill      XL: |  1  2  3  4  5  6  7  8  9 10 11 |
---------------+----------------------------------+-----
Axes           | 3 4 5 6 8 10 11 12 | 12.7
Shields        | 4 5 6 7 8 10 12 13 | 13.0
Dodging        | 1 2 4 |  4.0
Fighting       | 4 5 6 7 9 |  9.7
Armour         | 4 5 6 7 8 9 |  9.6

Action                   |  1- 3 |  4- 6 |  7- 9 | 10-12 || total
-------------------------+-------+-------+-------+-------++-------
Melee: War axe           |    64 |   199 |   344 |   354 ||   961
       Headbutt          |     8 |    27 |    58 |    70 ||   163
Invok: Berserk           |       |       |       |     5 ||     5
       Trog's Hand       |       |       |       |     1 ||     1
Evoke: Wand              |       |       |       |     4 ||     4
  Use: Scroll            |       |     2 |     2 |    11 ||    15
       Potion            |       |     1 |     2 |       ||     3
Armor: Scale mail        |    34 |    96 |   139 |   123 ||   392
Dodge: Dodged            |    33 |   115 |   177 |   155 ||   480
Block: Buckler           |    17 |    47 |   111 |    96 ||   271
       Kite shield       |       |       |       |    37 ||    37
